Demolitions vs Inferno
Created - April 12, 2018 at 19:24
Goals
|
| Demolitions |
1 |
3 |
0 |
4 |
| Inferno |
2 |
1 |
2 |
5 |
|
Shots
|
| Demolitions |
6 |
12 |
6 |
24 |
| Inferno |
10 |
13 |
10 |
33 |
|
1st period
1. Demolitions , Nicolas Blanchard 25 (Ryan Bayda 45, Jack Skille 20) at 0:30
2. Inferno , Tanner Pearson 17 (Cal O'Reilly 25) at 3:03
3. Inferno , Vladimir Zharkov 47 (Mathieu Brodeur 18) at 8:57
Penalties :
Jonathan Blum (Vic) for High sticking (Minor) at 14:17
2nd period
4. Demolitions , Corban Knight 15 (Bobby Butler 44, Erik Condra 37) at 2:31
5. Demolitions , Jonathan Blum 9 (Corban Knight 31, Erik Condra 38) at 3:47 (PP)
6. Demolitions , Ryan Bayda 36 (Nicolas Blanchard 39, Jack Skille 21) at 6:19 (PP)
7. Inferno , David Ullstrom 41 (Colby Robak 43, Vladimir Sobotka 40) at 16:42
Penalties :
Matt Kassian (Anc) for Unsportsmanlike conduct (Minor) at 3:13, David Savard (Anc) for Delaying the game (Minor) at 5:45
3rd period
8. Inferno , Esa Lindell 17 (Kyle Palmieri 32, Philip Varone 13) at 8:34 (PP)
9. Inferno , David Ullstrom 42 (Vladimir Sobotka 41, Vladimir Zharkov 60) at 16:56
Penalties :
Kyle Palmieri (Anc) for Hooking (Minor) at 5:17, Cameron Schilling (Vic) for Interference (Minor) at 7:43, David Savard (Anc) for Tripping (Minor) at 11:10
Goalie Stats
Joe Cannata (Vic), 28 saves from 33 shots - (0.848), L, 8-15-5, 59:00 minutes
Christopher Gibson (Anc), 12 saves from 12 shots - (1.000), W, 18-10-0, 33:41 minutes
Michael Hutchinson (Anc), 8 saves from 12 shots - (0.667), 26:19 minutes
Players Stats for Demolitions
Player Name G A P +/- PIM S H SB GA TA FO MP PP MP PK MP
------------------------------------------------------------------------------------
Aaron Palushaj 0 0 0 0 0 2 0 1 0 0 0/0 7:51 0:00 0:00
Alex Hutchings 0 0 0 0 0 0 0 0 0 0 0/0 0:54 0:00 0:36
Andrej Nestrasil 0 0 0 0 0 0 0 0 0 0 0/0 7:51 0:00 0:00
Billy Sweat 0 0 0 0 0 0 0 0 0 0 0/0 0:00 0:00 0:00
Bobby Butler 0 1 1 -2 0 3 3 1 1 0 3/5 23:14 3:11 1:47
Brandon McMillan 0 0 0 0 0 0 1 0 1 0 4/4 12:08 0:00 0:00
Cameron Schilling 0 0 0 -2 2 1 1 1 1 1 0/0 25:53 3:33 1:24
Colton Sceviour 0 0 0 0 0 0 0 0 0 0 0/0 0:00 0:00 0:00
Corban Knight 1 1 2 -2 0 2 1 1 0 0 14/35 22:03 3:11 0:18
Derek Forbort 0 0 0 -1 0 0 0 1 0 0 0/0 6:14 0:00 0:00
Dmitri Orlov 0 0 0 1 0 1 0 1 0 1 0/0 11:41 0:00 1:00
Erik Condra 0 2 2 -2 0 1 2 1 1 1 1/1 21:54 3:11 0:27
Frazer Mclaren 0 0 0 0 0 1 1 0 1 0 1/1 12:08 0:00 0:00
Jack Skille 0 2 2 0 0 3 1 0 0 2 0/0 15:53 1:55 0:27
Jonathan Blum 1 0 1 -2 2 1 0 1 0 1 0/0 23:52 3:33 0:10
Josh Beaulieu 0 0 0 0 0 0 0 0 0 0 0/0 0:18 0:00 0:18
Mike Sauer 0 0 0 0 0 0 0 0 0 0 0/0 17:01 1:33 1:16
Mikko Lehtonen 0 0 0 0 0 2 0 0 0 0 0/0 12:08 0:00 0:00
Nick Pryor 0 0 0 0 0 0 0 0 0 0 0/0 0:00 0:00 0:00
Nicolas Blanchard 1 1 2 0 0 3 1 0 0 2 2/8 15:26 1:55 0:00
Robert Bortuzzo 0 0 0 1 0 0 1 1 0 0 0/0 12:20 0:00 0:34
Ryan Bayda 1 1 2 0 0 2 0 1 1 1 0/0 17:13 1:55 1:47
Ryan Russell 0 0 0 0 0 0 0 0 0 0 0/0 7:51 0:00 0:00
Seth Helgeson 0 0 0 0 0 2 3 0 1 2 0/0 17:01 1:33 1:16
Taylor Aronson 0 0 0 -1 0 0 0 0 0 0 0/0 6:14 0:00 0:00
Players Stats for Inferno
Player Name G A P +/- PIM S H SB GA TA FO MP PP MP PK MP
------------------------------------------------------------------------------------
Bryan Rust 0 0 0 1 0 2 1 2 0 0 0/0 11:40 0:26 0:00
Cal O'Reilly 0 1 1 1 0 1 1 0 0 1 4/10 12:28 0:00 0:56
Christian Folin 0 0 0 1 0 2 0 1 0 0 0/0 21:02 1:44 2:01
Colby Robak 0 1 1 1 0 3 0 2 0 1 0/0 24:51 1:44 3:00
David Savard 0 0 0 2 4 1 1 1 1 1 0/0 23:22 0:00 1:10
David Ullstrom 2 0 2 3 0 5 0 0 2 0 0/1 23:39 1:38 3:17
Esa Lindell 1 0 1 -1 0 1 0 0 0 0 0/0 14:14 1:06 0:28
Greg Pateryn 0 0 0 -1 0 0 1 0 0 1 0/0 14:01 1:06 0:58
Kyle Palmieri 0 1 1 -1 2 3 1 0 2 1 0/0 13:54 1:01 0:00
Mathieu Brodeur 0 1 1 2 0 0 0 1 0 0 0/0 21:57 0:00 2:35
Matt Kassian 0 0 0 -1 2 1 1 0 2 0 0/0 12:48 0:00 0:00
Matthew Nieto 0 0 0 -1 0 1 0 0 0 0 0/0 10:23 0:00 0:53
Philip Varone 0 1 1 -1 0 2 2 0 1 0 3/5 10:54 1:01 0:37
Tanner Pearson 1 0 1 1 0 3 1 2 0 1 0/0 12:15 1:01 0:00
Tyler Shattock 0 0 0 -1 0 1 1 1 0 0 0/0 9:16 0:11 0:00
Victor Rask 0 0 0 -1 0 0 1 0 0 0 6/10 14:25 1:34 0:00
Vladimir Sobotka 0 2 2 3 0 5 1 0 2 1 16/28 22:02 0:00 3:17
Vladimir Zharkov 1 1 2 3 0 2 3 0 1 0 0/0 21:39 1:38 1:12
3 Stars
1 - David Ullstrom (Anc)
2 - Vladimir Zharkov (Anc)
3 - Vladimir Sobotka (Anc)
Power Play
Demolitions - 2 on 4 Attempt(s) - 50.00%
Inferno - 1 on 2 Attempt(s) - 50.00%
Penalty Kill
Demolitions - 1 on 2 Attempt(s) - 50.00%
- Score 0 goal in Penalty Kill
Inferno - 2 on 4 Attempt(s) - 50.00%
- Score 0 goal in Penalty Kill
Team Stat
Demolitions - Hits : 15 - Faceoff Wins : 25 - Blocked Shots : 10 - Penalty Minutes : 4
Inferno - Hits : 15 - Faceoff Wins : 29 - Blocked Shots : 10 - Penalty Minutes : 8
Official
Referees : Morton Dean and Furlatt Eric
Linesman : Scott Cherrey and Ryan Galloway
Game Notes
Christopher Gibson enters game at 6:19 of 2nd period
Finance
Level 1 -- Attendance: 1354 (67.70%) -- Ticket Income $54,160
Level 2 -- Attendance: 760 (76.00%) -- Ticket Income $15,200
Total Attendance: 2114 (70.47%)
Total Ticket Income: $69,360
Other Income: $3,468
Total Income: $72,828
Demolitions
5 vs 5 Forward
Center Left Wing Right Wing Time % Phy DF OF
1 Corban Knight Bobby Butler Erik Condra 40 1 2 2
2 Nicolas Blanchard Ryan Bayda Jack Skille 30 1 2 2
3 Brandon McMillan Frazer Mclaren Mikko Lehtonen 20 1 2 2
4 Andrej Nestrasil Ryan Russell Aaron Palushaj 10 1 2 2
5 vs 5 Defense
Defense Defense Time % Phy DF OF
1 Cameron Schilling Jonathan Blum 40 1 2 2
2 Seth Helgeson Mike Sauer 30 1 2 2
3 Dmitri Orlov Robert Bortuzzo 20 1 2 2
4 Taylor Aronson Derek Forbort 10 1 2 2
PowerPlay Forward
Center Left Wing Right Wing Time % Phy DF OF
1 Corban Knight Bobby Butler Erik Condra 60 1 2 2
2 Nicolas Blanchard Ryan Bayda Jack Skille 40 1 2 2
PowerPlay Defense
Defense Defense Time % Phy DF OF
1 Cameron Schilling Jonathan Blum 60 1 2 2
2 Seth Helgeson Mike Sauer 40 1 2 2
Penalty Kill 4 Players Forward
Center Wing Time % Phy DF OF
1 Bobby Butler Ryan Bayda 60 1 2 2
2 Erik Condra Jack Skille 40 1 2 2
Penalty Kill 4 Players Defense
Defense Defense Time % Phy DF OF
1 Cameron Schilling Jonathan Blum 60 1 2 2
2 Seth Helgeson Mike Sauer 40 1 2 2
Penalty Kill - 3 Players Forward
Forward Time % Phy DF OF
1 Bobby Butler 60 1 2 2
2 Ryan Bayda 40 1 2 2
Penalty Kill - 3 Players Defense
Defense Defense Time % Phy DF OF
1 Cameron Schilling Jonathan Blum 60 1 2 2
2 Seth Helgeson Mike Sauer 40 1 2 2
4 vs 4 Forward
Center Wing Time % Phy DF OF
1 Bobby Butler Ryan Bayda 60 1 2 2
2 Erik Condra Jack Skille 40 1 2 2
4 vs 4 Defense
Defense Defense Time % Phy DF OF
1 Cameron Schilling Jonathan Blum 60 1 2 2
2 Seth Helgeson Mike Sauer 40 1 2 2
Last Minutes Offensive
Center Left Wing Right Wing Defense Defense
Corban Knight Bobby Butler Erik Condra Cameron Schilling Jonathan Blum
Last Minutes Defensive
Center Left Wing Right Wing Defense Defense
Corban Knight Bobby Butler Erik Condra Cameron Schilling Jonathan Blum
Goaltenders
Starting : Joe Cannata
Backup : Olivier Roy
Extra Forwards
Normal : Billy Sweat, Josh Beaulieu, Alex Hutchings - PP : Billy Sweat, Josh Beaulieu - PK : Alex Hutchings
Extra Defensemen
Normal : Nick Pryor, Dmitri Orlov, Robert Bortuzzo - PP : Nick Pryor - PK : Dmitri Orlov, Robert Bortuzzo
Penalty Shots
Bobby Butler, Ryan Bayda, Erik Condra, Jack Skille, Frazer Mclaren
Scratches
Ryan Olsen (Healthy), Thomas DiPauli (Healthy), Taylor Leier (Healthy), Mitchell Moroz (Healthy), Jake Paterson (Healthy)
Jussi Rynnas (Healthy)
Inferno
5 vs 5 Forward
Center Left Wing Right Wing Time % Phy DF OF
1 Vladimir Sobotka David Ullstrom Vladimir Zharkov 40 1 2 2
2 Victor Rask Matt Kassian Kyle Palmieri 30 1 2 2
3 Cal O'Reilly Tanner Pearson Bryan Rust 20 1 2 2
4 Philip Varone Matthew Nieto Tyler Shattock 10 1 2 2
5 vs 5 Defense
Defense Defense Time % Phy DF OF
1 Colby Robak David Savard 40 1 2 2
2 Mathieu Brodeur Christian Folin 30 1 2 2
3 Greg Pateryn Esa Lindell 20 1 2 2
4 Mathieu Brodeur David Savard 10 1 2 2
PowerPlay Forward
Center Left Wing Right Wing Time % Phy DF OF
1 Victor Rask David Ullstrom Vladimir Zharkov 60 1 2 2
2 Philip Varone Tanner Pearson Kyle Palmieri 40 1 2 2
PowerPlay Defense
Defense Defense Time % Phy DF OF
1 Colby Robak Christian Folin 60 1 2 2
2 Greg Pateryn Esa Lindell 40 1 2 2
Penalty Kill 4 Players Forward
Center Wing Time % Phy DF OF
1 Vladimir Sobotka David Ullstrom 60 1 2 2
2 Cal O'Reilly Vladimir Zharkov 40 1 2 2
Penalty Kill 4 Players Defense
Defense Defense Time % Phy DF OF
1 Colby Robak David Savard 60 1 2 2
2 Mathieu Brodeur Christian Folin 40 1 2 2
Penalty Kill - 3 Players Forward
Forward Time % Phy DF OF
1 Vladimir Sobotka 60 1 2 2
2 David Ullstrom 40 1 2 2
Penalty Kill - 3 Players Defense
Defense Defense Time % Phy DF OF
1 Colby Robak David Savard 60 1 2 2
2 Mathieu Brodeur Christian Folin 40 1 2 2
4 vs 4 Forward
Center Wing Time % Phy DF OF
1 Vladimir Sobotka Kyle Palmieri 60 1 2 2
2 Victor Rask David Ullstrom 40 1 2 2
4 vs 4 Defense
Defense Defense Time % Phy DF OF
1 Colby Robak David Savard 60 1 2 2
2 Mathieu Brodeur Christian Folin 40 1 2 2
Last Minutes Offensive
Center Left Wing Right Wing Defense Defense
Vladimir Sobotka David Ullstrom Vladimir Zharkov Colby Robak David Savard
Last Minutes Defensive
Center Left Wing Right Wing Defense Defense
Vladimir Sobotka David Ullstrom Vladimir Zharkov Colby Robak David Savard
Goaltenders
Starting : Michael Hutchinson
Backup : Christopher Gibson
Extra Forwards
Normal : Victor Rask, Kyle Palmieri, Bryan Rust - PP : Tanner Pearson, Bryan Rust - PK : Vladimir Zharkov
Extra Defensemen
Normal : Mathieu Brodeur, Christian Folin, Greg Pateryn - PP : Esa Lindell - PK : Mathieu Brodeur, Greg Pateryn
Penalty Shots
Victor Rask, Vladimir Zharkov, Tanner Pearson, Bryan Rust, Matt Kassian
Scratches
Anders Lee (Healthy), Chris Brown (Healthy), Frank Corrado (Healthy), Ryan Spooner (Healthy), Joakim Nordstrom (Healthy)
Trevor Carrick (Healthy), Petteri Lindbohm (Healthy), Daniil Tarasov (Healthy), Branden Troock (Healthy), Simon Danis-Pepin (Healthy)
Luca Sbisa (Healthy), Nathan Lieuwen (Healthy)
% Time on Ice - Demolitions
Lines # - Real PCT - Wanted PCT - Time Play
Normal Forward
1 - 34% - 40% - 17:25
2 - 27% - 30% - 13:31
3 - 24% - 20% - 12:08
4 - 15% - 10% - 7:51
Normal Defense
1 - 39% - 40% - 19:48
2 - 28% - 30% - 14:12
3 - 21% - 20% - 10:41
4 - 12% - 10% - 6:14
PP Forward
1 - 62% - 60% - 3:11
2 - 38% - 40% - 1:55
PP Defense
1 - 70% - 60% - 3:33
2 - 30% - 40% - 1:33
PK Forward
1 - 84% - 60% - 2:23
2 - 16% - 40% - 0:27
PK Defense
1 - 55% - 60% - 1:34
2 - 45% - 40% - 1:16
PK3 Forward
1 - 0% - 60%
2 - 0% - 40%
PK3 Defense
1 - 0% - 60%
2 - 0% - 40%
44 Forward
1 - 0% - 60%
2 - 0% - 40%
44 Defense
1 - 0% - 60%
2 - 0% - 40%
Last Minute Offensive - 1:09
Last Minute Defensive - 0:00
Total
Forward - 60:00
Defense - 60:00
|
% Time on Ice - Inferno
Lines # - Real PCT - Wanted PCT - Time Play
Normal Forward
1 - 35% - 40% - 17:47
2 - 25% - 30% - 12:49
3 - 22% - 20% - 11:14
4 - 18% - 10% - 9:05
Normal Defense
1 - 40% - 40% - 20:22
2 - 31% - 30% - 15:50
3 - 22% - 20% - 11:11
4 - 7% - 10% - 3:32
PP Forward
1 - 64% - 60% - 1:49
2 - 36% - 40% - 1:01
PP Defense
1 - 61% - 60% - 1:44
2 - 39% - 40% - 1:06
PK Forward
1 - 82% - 60% - 4:10
2 - 18% - 40% - 0:56
PK Defense
1 - 60% - 60% - 3:05
2 - 40% - 40% - 2:01
PK3 Forward
1 - 0% - 60%
2 - 0% - 40%
PK3 Defense
1 - 0% - 60%
2 - 0% - 40%
44 Forward
1 - 0% - 60%
2 - 0% - 40%
44 Defense
1 - 0% - 60%
2 - 0% - 40%
Last Minute Offensive - 0:00
Last Minute Defensive - 1:09
Total
Forward - 60:00
Defense - 60:00
|
Play by Play
1st period
0:01 of 1st period - Corban Knight wins face-off versus Vladimir Sobotka in neutral zone.
0:30 of 1st period - Slapshot by Ryan Bayda.
0:30 of 1st period - Deflect By Nicolas Blanchard.
0:30 of 1st period - Goal by Nicolas Blanchard - Demolitions : 1 - Inferno : 0.
0:31 of 1st period - Brandon McMillan wins face-off versus Cal O'Reilly in neutral zone.
0:34 of 1st period - Mathieu Brodeur is hit by Robert Bortuzzo.
0:37 of 1st period - Off-side.
0:38 of 1st period - Brandon McMillan wins face-off versus Cal O'Reilly in neutral zone.
1:39 of 1st period - Vladimir Sobotka is hit by Bobby Butler and loses puck.
1:48 of 1st period - Slapshot by David Ullstrom.
1:48 of 1st period - Stopped by Joe Cannata without a rebound.
1:49 of 1st period - Philip Varone wins face-off versus Nicolas Blanchard in Demolitions zone.
2:14 of 1st period - Kyle Palmieri is hit by Frazer Mclaren and loses puck.
2:59 of 1st period - Snap shot by Tanner Pearson.
2:59 of 1st period - Stopped by Joe Cannata without a rebound.
3:00 of 1st period - Cal O'Reilly wins face-off versus Corban Knight in Demolitions zone.
3:03 of 1st period - Snap shot by Tanner Pearson.
3:03 of 1st period - Goal by Tanner Pearson - Demolitions : 1 - Inferno : 1.
3:04 of 1st period - Victor Rask wins face-off versus Nicolas Blanchard in neutral zone.
3:19 of 1st period - Matt Kassian is hit by Nicolas Blanchard and loses puck.
3:58 of 1st period - Snap shot by Cal O'Reilly.
3:58 of 1st period - Stopped by Joe Cannata with a rebound.
4:20 of 1st period - Snap shot by Nicolas Blanchard.
4:20 of 1st period - Stopped by Michael Hutchinson with a rebound.
4:24 of 1st period - Snap shot by Ryan Bayda.
4:24 of 1st period - Stopped by Michael Hutchinson with a rebound.
4:58 of 1st period - Snap shot by Brandon McMillan.
4:58 of 1st period - Shot Misses the Net.
5:06 of 1st period - Slapshot by Kyle Palmieri.
5:06 of 1st period - Stopped by Joe Cannata with a rebound.
5:48 of 1st period - Slapshot by Jonathan Blum.
5:48 of 1st period - Shot Misses the Net.
6:00 of 1st period - Wrist shot by Tanner Pearson.
6:00 of 1st period - Stopped by Joe Cannata with a rebound.
6:17 of 1st period - Wrist shot by Philip Varone.
6:17 of 1st period - Stopped by Joe Cannata with a rebound.
6:19 of 1st period - Snap shot by Matthew Nieto.
6:19 of 1st period - Shot Misses the Net.
6:55 of 1st period - Snap shot by Jack Skille.
6:55 of 1st period - Stopped by Michael Hutchinson with a rebound.
7:53 of 1st period - Wrist shot by Vladimir Zharkov.
7:53 of 1st period - Shot Misses the Net.
8:09 of 1st period - Snap shot by Vladimir Zharkov.
8:09 of 1st period - Shot Misses the Net.
8:33 of 1st period - Snap shot by David Ullstrom.
8:33 of 1st period - Shot Blocked by Derek Forbort.
8:35 of 1st period - Slapshot by Mathieu Brodeur.
8:35 of 1st period - Shot Misses the Net.
8:37 of 1st period - Snap shot by Vladimir Sobotka.
8:37 of 1st period - Stopped by Joe Cannata with a rebound.
8:39 of 1st period - Slapshot by Christian Folin.
8:39 of 1st period - Shot Misses the Net.
8:41 of 1st period - Slapshot by Vladimir Sobotka.
8:41 of 1st period - Stopped by Joe Cannata with a rebound.
8:51 of 1st period - Slapshot by Ryan Bayda.
8:51 of 1st period - Shot Misses the Net.
8:57 of 1st period - Wrist shot by Vladimir Zharkov.
8:57 of 1st period - Goal by Vladimir Zharkov - Demolitions : 1 - Inferno : 2.
8:58 of 1st period - Victor Rask wins face-off versus Corban Knight in neutral zone.
9:11 of 1st period - Colby Robak is hit by Seth Helgeson and loses puck.
10:49 of 1st period - Frazer Mclaren is hit by Matt Kassian.
11:05 of 1st period - Bryan Rust is hit by Seth Helgeson and loses puck.
11:18 of 1st period - Mike Sauer is hit by Tyler Shattock and loses puck.
14:01 of 1st period - Icing by Colby Robak.
14:02 of 1st period - Frazer Mclaren wins face-off versus Victor Rask in Inferno zone.
14:17 of 1st period - Minor Penalty to Jonathan Blum for High sticking.
14:18 of 1st period - Bobby Butler wins face-off versus David Ullstrom in Demolitions zone.
14:48 of 1st period - Slapshot by Esa Lindell.
14:48 of 1st period - Shot Blocked by Bobby Butler.
15:16 of 1st period - Mike Sauer is hit by Victor Rask.
16:17 of 1st period - Penalty to Jonathan Blum is over, Jonathan Blum is back on ice.
16:24 of 1st period - Snap shot by Cal O'Reilly.
16:24 of 1st period - Shot Blocked by Corban Knight.
16:26 of 1st period - Snap shot by Cal O'Reilly.
16:26 of 1st period - Shot Blocked by Robert Bortuzzo.
16:28 of 1st period - Snap shot by Tyler Shattock.
16:28 of 1st period - Shot Misses the Net.
16:30 of 1st period - Snap shot by Tyler Shattock.
16:30 of 1st period - Shot Blocked by Cameron Schilling.
17:00 of 1st period - Wrist shot by Ryan Russell.
17:00 of 1st period - Shot Blocked by Mathieu Brodeur.
18:06 of 1st period - Wrist shot by Bobby Butler.
18:06 of 1st period - Shot Misses the Net.
18:28 of 1st period - Wrist shot by Mikko Lehtonen.
18:28 of 1st period - Stopped by Michael Hutchinson with a rebound.
19:39 of 1st period - Snap shot by Ryan Russell.
19:39 of 1st period - Deflect By Aaron Palushaj.
19:39 of 1st period - Stopped by Michael Hutchinson with a rebound.
Goals for this period are 1 for Demolitions vs 2 for Inferno.
Shots for this period are 6 for Demolitions vs 10 for Inferno.
2nd period
0:01 of 2nd period - Corban Knight wins face-off versus Vladimir Sobotka in neutral zone.
0:28 of 2nd period - Vladimir Sobotka is hit by Bobby Butler and loses puck.
0:48 of 2nd period - Snap shot by Corban Knight.
0:48 of 2nd period - Stopped by Michael Hutchinson without a rebound.
0:49 of 2nd period - Victor Rask wins face-off versus Nicolas Blanchard in Inferno zone.
0:58 of 2nd period - Snap shot by Matt Kassian.
0:58 of 2nd period - Stopped by Joe Cannata with a rebound.
1:00 of 2nd period - Wrist shot by Kyle Palmieri.
1:00 of 2nd period - Stopped by Joe Cannata without a rebound.
1:01 of 2nd period - Victor Rask wins face-off versus Nicolas Blanchard in Demolitions zone.
1:28 of 2nd period - Seth Helgeson is hit by Cal O'Reilly and loses puck.
1:49 of 2nd period - Slapshot by Matthew Nieto.
1:49 of 2nd period - Shot Misses the Net.
1:51 of 2nd period - Snap shot by Matthew Nieto.
1:51 of 2nd period - Shot Misses the Net.
1:53 of 2nd period - Wrist shot by Tyler Shattock.
1:53 of 2nd period - Stopped by Joe Cannata without a rebound.
1:54 of 2nd period - Philip Varone wins face-off versus Corban Knight in Demolitions zone.
2:29 of 2nd period - Wrist shot by Bobby Butler.
2:29 of 2nd period - Shot Misses the Net.
2:31 of 2nd period - Wrist shot by Corban Knight.
2:31 of 2nd period - Goal by Corban Knight - Demolitions : 2 - Inferno : 2.
2:32 of 2nd period - Nicolas Blanchard wins face-off versus Vladimir Sobotka in neutral zone.
3:13 of 2nd period - Minor Penalty to Matt Kassian for Unsportsmanlike conduct.
3:14 of 2nd period - Corban Knight wins face-off versus Vladimir Sobotka in Inferno zone.
3:19 of 2nd period - Snap shot by Bobby Butler.
3:19 of 2nd period - Shot Misses the Net.
3:21 of 2nd period - Slapshot by Cameron Schilling.
3:21 of 2nd period - Shot Misses the Net.
3:23 of 2nd period - Wrist shot by Bobby Butler.
3:23 of 2nd period - Deflect By Vladimir Sobotka.
3:23 of 2nd period - Shot Blocked by Christian Folin.
3:23 of 2nd period - Puck is out of play.
3:24 of 2nd period - Vladimir Sobotka wins face-off versus Corban Knight in Inferno zone.
3:24 of 2nd period - Vladimir Sobotka is hit by Corban Knight.
3:47 of 2nd period - Slapshot by Jonathan Blum.
3:47 of 2nd period - Goal by Jonathan Blum - Demolitions : 3 - Inferno : 2.
3:48 of 2nd period - Vladimir Sobotka wins face-off versus Corban Knight in neutral zone.
4:00 of 2nd period - Off-side.
4:01 of 2nd period - Vladimir Sobotka wins face-off versus Corban Knight in neutral zone.
4:37 of 2nd period - Wrist shot by Kyle Palmieri.
4:37 of 2nd period - Stopped by Joe Cannata with a rebound.
4:53 of 2nd period - Snap shot by Frazer Mclaren.
4:53 of 2nd period - Stopped by Michael Hutchinson with a rebound.
4:55 of 2nd period - Slapshot by Jonathan Blum.
4:55 of 2nd period - Shot Blocked by Bryan Rust.
4:57 of 2nd period - Wrist shot by Mikko Lehtonen.
4:57 of 2nd period - Deflect By Frazer Mclaren.
4:57 of 2nd period - Shot Misses the Net.
4:57 of 2nd period - Puck is out of play.
4:58 of 2nd period - Corban Knight wins face-off versus Vladimir Sobotka in Inferno zone.
5:03 of 2nd period - Snap shot by Bobby Butler.
5:03 of 2nd period - Shot Misses the Net.
5:05 of 2nd period - Wrist shot by Seth Helgeson.
5:05 of 2nd period - Deflect By Corban Knight.
5:05 of 2nd period - Shot Misses the Net.
5:05 of 2nd period - Puck is out of play.
5:06 of 2nd period - Corban Knight wins face-off versus Vladimir Sobotka in Inferno zone.
5:19 of 2nd period - Snap shot by Erik Condra.
5:19 of 2nd period - Stopped by Michael Hutchinson without a rebound.
5:20 of 2nd period - Vladimir Sobotka wins face-off versus Bobby Butler in Inferno zone.
5:45 of 2nd period - Minor Penalty to David Savard for Delaying the game.
5:46 of 2nd period - Vladimir Sobotka wins face-off versus Corban Knight in Inferno zone.
6:19 of 2nd period - Snap shot by Ryan Bayda.
6:19 of 2nd period - Goal by Ryan Bayda - Demolitions : 4 - Inferno : 2.
6:19 of 2nd period - Christopher Gibson enters game.
6:20 of 2nd period - Corban Knight wins face-off versus Victor Rask in neutral zone.
7:10 of 2nd period - Cal O'Reilly is hit by Seth Helgeson.
7:48 of 2nd period - Aaron Palushaj is hit by Philip Varone and loses puck.
8:09 of 2nd period - Wrist shot by Bobby Butler.
8:09 of 2nd period - Stopped by Christopher Gibson with a rebound.
8:27 of 2nd period - Wrist shot by Nicolas Blanchard.
8:27 of 2nd period - Stopped by Christopher Gibson with a rebound.
9:30 of 2nd period - Snap shot by Andrej Nestrasil.
9:30 of 2nd period - Shot Misses the Net.
9:32 of 2nd period - Snap shot by Aaron Palushaj.
9:32 of 2nd period - Shot Misses the Net.
10:57 of 2nd period - Icing by Vladimir Zharkov.
10:58 of 2nd period - Corban Knight wins face-off versus Vladimir Sobotka in Inferno zone.
11:01 of 2nd period - Backhand shot by Bobby Butler.
11:01 of 2nd period - Shot Misses the Net.
11:39 of 2nd period - Snap shot by David Ullstrom.
11:39 of 2nd period - Stopped by Joe Cannata without a rebound.
11:40 of 2nd period - Victor Rask wins face-off versus Nicolas Blanchard in Demolitions zone.
11:43 of 2nd period - Slapshot by Colby Robak.
11:43 of 2nd period - Stopped by Joe Cannata with a rebound.
11:45 of 2nd period - Wrist shot by Kyle Palmieri.
11:45 of 2nd period - Shot Misses the Net.
11:47 of 2nd period - Slapshot by David Savard.
11:47 of 2nd period - Shot Misses the Net.
12:33 of 2nd period - Cameron Schilling is hit by Tanner Pearson and loses puck.
12:50 of 2nd period - Frazer Mclaren is hit by Kyle Palmieri and loses puck.
12:57 of 2nd period - Slapshot by Brandon McMillan.
12:57 of 2nd period - Shot Misses the Net.
12:59 of 2nd period - Slapshot by Seth Helgeson.
12:59 of 2nd period - Stopped by Christopher Gibson with a rebound.
13:10 of 2nd period - Off-side.
13:11 of 2nd period - Cal O'Reilly wins face-off versus Corban Knight in neutral zone.
13:14 of 2nd period - Robert Bortuzzo is hit by Bryan Rust.
13:24 of 2nd period - Bryan Rust is hit by Erik Condra and loses puck.
13:43 of 2nd period - Slapshot by Philip Varone.
13:43 of 2nd period - Stopped by Joe Cannata without a rebound.
13:44 of 2nd period - Philip Varone wins face-off versus Nicolas Blanchard in Demolitions zone.
13:57 of 2nd period - Wrist shot by Jack Skille.
13:57 of 2nd period - Shot Blocked by Tyler Shattock.
13:59 of 2nd period - Slapshot by Cameron Schilling.
13:59 of 2nd period - Shot Misses the Net.
14:32 of 2nd period - Mike Sauer is hit by Vladimir Zharkov and loses puck.
14:39 of 2nd period - Andrej Nestrasil is hit by Vladimir Zharkov and loses puck.
14:52 of 2nd period - Wrist shot by Bryan Rust.
14:52 of 2nd period - Stopped by Joe Cannata without a rebound.
14:53 of 2nd period - Cal O'Reilly wins face-off versus Corban Knight in Demolitions zone.
14:56 of 2nd period - Snap shot by Cal O'Reilly.
14:56 of 2nd period - Shot Misses the Net.
14:58 of 2nd period - Wrist shot by Bryan Rust.
14:58 of 2nd period - Stopped by Joe Cannata without a rebound.
14:59 of 2nd period - Corban Knight wins face-off versus Vladimir Sobotka in Demolitions zone.
15:06 of 2nd period - Wrist shot by Vladimir Sobotka.
15:06 of 2nd period - Stopped by Joe Cannata without a rebound.
15:07 of 2nd period - Vladimir Sobotka wins face-off versus Corban Knight in Demolitions zone.
16:24 of 2nd period - Backhand shot by Ryan Russell.
16:24 of 2nd period - Shot Blocked by Bryan Rust.
16:26 of 2nd period - Wrist shot by Andrej Nestrasil.
16:26 of 2nd period - Deflect By Ryan Russell.
16:26 of 2nd period - Shot Blocked by Tanner Pearson.
16:26 of 2nd period - Puck is out of play.
16:27 of 2nd period - Corban Knight wins face-off versus Vladimir Sobotka in Inferno zone.
16:28 of 2nd period - Snap shot by Erik Condra.
16:28 of 2nd period - Shot Blocked by David Savard.
16:38 of 2nd period - Wrist shot by Vladimir Sobotka.
16:38 of 2nd period - Stopped by Joe Cannata with a rebound.
16:40 of 2nd period - Wrist shot by Colby Robak.
16:40 of 2nd period - Stopped by Joe Cannata with a rebound.
16:42 of 2nd period - Backhand shot by David Ullstrom.
16:42 of 2nd period - Goal by David Ullstrom - Demolitions : 4 - Inferno : 3.
16:43 of 2nd period - Corban Knight wins face-off versus Vladimir Sobotka in neutral zone.
16:51 of 2nd period - Icing by Colby Robak.
16:52 of 2nd period - Vladimir Sobotka wins face-off versus Corban Knight in Inferno zone.
16:59 of 2nd period - Erik Condra is hit by David Savard and loses puck.
18:09 of 2nd period - Snap shot by Bobby Butler.
18:09 of 2nd period - Shot Misses the Net.
18:11 of 2nd period - Snap shot by Cameron Schilling.
18:11 of 2nd period - Stopped by Christopher Gibson without a rebound.
18:12 of 2nd period - Nicolas Blanchard wins face-off versus Victor Rask in Inferno zone.
18:33 of 2nd period - Kyle Palmieri is hit by Jack Skille and loses puck.
18:54 of 2nd period - Wrist shot by Aaron Palushaj.
18:54 of 2nd period - Stopped by Christopher Gibson without a rebound.
18:55 of 2nd period - Brandon McMillan wins face-off versus Cal O'Reilly in Inferno zone.
18:58 of 2nd period - Slapshot by Dmitri Orlov.
18:58 of 2nd period - Stopped by Christopher Gibson with a rebound.
Goals for this period are 3 for Demolitions vs 1 for Inferno.
Shots for this period are 12 for Demolitions vs 13 for Inferno.
3rd period
0:01 of 3rd period - Corban Knight wins face-off versus Vladimir Sobotka in neutral zone.
1:06 of 3rd period - Wrist shot by Matthew Nieto.
1:06 of 3rd period - Shot Misses the Net.
1:08 of 3rd period - Slapshot by Esa Lindell.
1:08 of 3rd period - Shot Blocked by Aaron Palushaj.
1:10 of 3rd period - Snap shot by Tyler Shattock.
1:10 of 3rd period - Shot Misses the Net.
1:12 of 3rd period - Wrist shot by Tyler Shattock.
1:12 of 3rd period - Shot Blocked by Jonathan Blum.
1:14 of 3rd period - Snap shot by Philip Varone.
1:14 of 3rd period - Shot Misses the Net.
1:16 of 3rd period - Slapshot by Christian Folin.
1:16 of 3rd period - Stopped by Joe Cannata with a rebound.
2:18 of 3rd period - Snap shot by Tanner Pearson.
2:18 of 3rd period - Shot Misses the Net.
2:20 of 3rd period - Slapshot by Christian Folin.
2:20 of 3rd period - Shot Misses the Net.
2:22 of 3rd period - Slapshot by Tanner Pearson.
2:22 of 3rd period - Shot Misses the Net.
2:58 of 3rd period - Slapshot by Seth Helgeson.
2:58 of 3rd period - Stopped by Christopher Gibson with a rebound.
3:41 of 3rd period - Off-side.
3:42 of 3rd period - Vladimir Sobotka wins face-off versus Corban Knight in neutral zone.
3:47 of 3rd period - Snap shot by Vladimir Sobotka.
3:47 of 3rd period - Stopped by Joe Cannata without a rebound.
3:48 of 3rd period - Corban Knight wins face-off versus Vladimir Sobotka in Demolitions zone.
3:48 of 3rd period - Corban Knight is hit by Greg Pateryn.
4:00 of 3rd period - Corban Knight is hit by Vladimir Sobotka and loses puck.
4:32 of 3rd period - Wrist shot by Mikko Lehtonen.
4:32 of 3rd period - Deflect By Brandon McMillan.
4:32 of 3rd period - Shot Misses the Net.
4:32 of 3rd period - Puck is out of play.
4:33 of 3rd period - Brandon McMillan wins face-off versus Cal O'Reilly in Inferno zone.
4:38 of 3rd period - Snap shot by Mikko Lehtonen.
4:38 of 3rd period - Stopped by Christopher Gibson with a rebound.
4:46 of 3rd period - Mathieu Brodeur is hit by Brandon McMillan and loses puck.
5:08 of 3rd period - Wrist shot by David Ullstrom.
5:08 of 3rd period - Stopped by Joe Cannata with a rebound.
5:17 of 3rd period - Minor Penalty to Kyle Palmieri for Hooking.
5:18 of 3rd period - Vladimir Sobotka wins face-off versus Corban Knight in Inferno zone.
5:32 of 3rd period - Wrist shot by Bobby Butler.
5:32 of 3rd period - Shot Blocked by Colby Robak.
5:34 of 3rd period - Wrist shot by Bobby Butler.
5:34 of 3rd period - Shot Blocked by Colby Robak.
7:17 of 3rd period - Penalty to Kyle Palmieri is over, Kyle Palmieri is back on ice.
7:43 of 3rd period - Minor Penalty to Cameron Schilling for Interference.
7:44 of 3rd period - Bobby Butler wins face-off versus Victor Rask in Demolitions zone.
7:51 of 3rd period - Icing by Colby Robak.
7:52 of 3rd period - Victor Rask wins face-off versus Bobby Butler in Inferno zone.
8:22 of 3rd period - Snap shot by Christian Folin.
8:22 of 3rd period - Shot Misses the Net.
8:24 of 3rd period - Slapshot by Christian Folin.
8:24 of 3rd period - Deflect By Seth Helgeson.
8:24 of 3rd period - Stopped by Joe Cannata without a rebound.
8:25 of 3rd period - Bobby Butler wins face-off versus Philip Varone in Demolitions zone.
8:34 of 3rd period - Slapshot by Esa Lindell.
8:34 of 3rd period - Goal by Esa Lindell - Demolitions : 4 - Inferno : 4.
8:35 of 3rd period - Vladimir Sobotka wins face-off versus Corban Knight in neutral zone.
9:27 of 3rd period - Snap shot by Frazer Mclaren.
9:27 of 3rd period - Shot Misses the Net.
9:29 of 3rd period - Slapshot by Mike Sauer.
9:29 of 3rd period - Shot Blocked by Tanner Pearson.
9:31 of 3rd period - Wrist shot by Mikko Lehtonen.
9:31 of 3rd period - Shot Misses the Net.
10:47 of 3rd period - Snap shot by Matthew Nieto.
10:47 of 3rd period - Deflect By Mikko Lehtonen.
10:47 of 3rd period - Shot Misses the Net.
10:47 of 3rd period - Puck is out of play.
10:48 of 3rd period - Corban Knight wins face-off versus Philip Varone in Demolitions zone.
10:48 of 3rd period - Corban Knight is hit by Philip Varone.
11:10 of 3rd period - Minor Penalty to David Savard for Tripping.
11:11 of 3rd period - Vladimir Sobotka wins face-off versus Corban Knight in Inferno zone.
11:11 of 3rd period - Vladimir Sobotka is hit by Bobby Butler.
11:23 of 3rd period - Slapshot by Cameron Schilling.
11:23 of 3rd period - Deflect By Erik Condra.
11:23 of 3rd period - Shot Misses the Net.
11:23 of 3rd period - Puck is out of play.
11:24 of 3rd period - Vladimir Sobotka wins face-off versus Corban Knight in Inferno zone.
12:22 of 3rd period - Bobby Butler is hit by Vladimir Zharkov and loses puck.
12:53 of 3rd period - Mathieu Brodeur is hit by Erik Condra and loses puck.
13:10 of 3rd period - Penalty to David Savard is over, David Savard is back on ice.
13:10 of 3rd period - Wrist shot by Matthew Nieto.
13:10 of 3rd period - Stopped by Joe Cannata with a rebound.
14:07 of 3rd period - Slapshot by David Savard.
14:07 of 3rd period - Shot Blocked by Ryan Bayda.
16:00 of 3rd period - Slapshot by Ryan Bayda.
16:00 of 3rd period - Deflect By Jack Skille.
16:00 of 3rd period - Stopped by Christopher Gibson with a rebound.
16:27 of 3rd period - Off-side.
16:28 of 3rd period - Cal O'Reilly wins face-off versus Corban Knight in neutral zone.
16:35 of 3rd period - Backhand shot by Cal O'Reilly.
16:35 of 3rd period - Shot Blocked by Erik Condra.
16:42 of 3rd period - Off-side.
16:43 of 3rd period - Vladimir Sobotka wins face-off versus Corban Knight in neutral zone.
16:54 of 3rd period - Slapshot by Vladimir Sobotka.
16:54 of 3rd period - Shot Misses the Net.
16:56 of 3rd period - Snap shot by David Ullstrom.
16:56 of 3rd period - Goal by David Ullstrom - Demolitions : 4 - Inferno : 5.
16:57 of 3rd period - Corban Knight wins face-off versus Cal O'Reilly in neutral zone.
17:00 of 3rd period - Cal O'Reilly is hit by Cameron Schilling and loses puck.
17:50 of 3rd period - Snap shot by Jack Skille.
17:50 of 3rd period - Stopped by Christopher Gibson without a rebound.
17:51 of 3rd period - Erik Condra wins face-off versus Cal O'Reilly in Inferno zone.
18:22 of 3rd period - Slapshot by Vladimir Sobotka.
18:22 of 3rd period - Deflect By Vladimir Zharkov.
18:22 of 3rd period - Stopped by Joe Cannata with a rebound.
18:24 of 3rd period - Snap shot by David Ullstrom.
18:24 of 3rd period - Shot Blocked by Dmitri Orlov.
18:46 of 3rd period - Slapshot by Colby Robak.
18:46 of 3rd period - Stopped by Joe Cannata with a rebound.
18:48 of 3rd period - Backhand shot by David Savard.
18:48 of 3rd period - Stopped by Joe Cannata with a rebound.
18:50 of 3rd period - Slapshot by David Savard.
18:50 of 3rd period - Deflect By Vladimir Zharkov.
18:50 of 3rd period - Shot Misses the Net.
18:50 of 3rd period - Puck is out of play.
18:51 of 3rd period - Adams Oates call a timeout for Demolitions.
18:51 of 3rd period - Vladimir Sobotka wins face-off versus Corban Knight in Demolitions zone.
18:54 of 3rd period - Wrist shot by David Ullstrom.
18:54 of 3rd period - Shot Hit the Post.
19:00 of 3rd period - Demolitions, Joe Cannata is pulled from the net.
19:19 of 3rd period - Snap shot by Bobby Butler.
19:19 of 3rd period - Stopped by Christopher Gibson without a rebound.
19:20 of 3rd period - Vladimir Sobotka wins face-off versus Corban Knight in Inferno zone.
19:43 of 3rd period - Slapshot by Bobby Butler.
19:43 of 3rd period - Stopped by Christopher Gibson without a rebound.
19:44 of 3rd period - Vladimir Sobotka wins face-off versus Corban Knight in Inferno zone.
Goals for this period are 0 for Demolitions vs 2 for Inferno.
Shots for this period are 6 for Demolitions vs 10 for Inferno.
Back to the Top